 Dungeon Crawl Stone Soup version 0.27.1-2-g3b301248ec (webtiles) character file.

Game seed: 15404262805796019884

11758 Borgoz the Carver (level 11, -2/153 HPs)
             Began as a Minotaur Berserker on Sept 27, 2021.
             Was an Elder of Trog.
             Slain by a gargoyle (9 damage)
             ... in a Gauntlet.
             The game lasted 00:15:30 (10586 turns).

Borgoz the Carver (Minotaur Berserker)             Turns: 10586, Time: 00:15:31

Health: -2/153     AC: 19    Str: 21    XL:     11   Next: 53%
Magic:  10/10      EV: 14    Int: 11    God:    Trog [****..]
Gold:   691        SH:  0    Dex: 13    Spells: 10/10 levels left

rFire    + . .     SeeInvis .   a - +8 long sword of Precise Incision {vorpal, rF+ rN+++ Will+}
rCold    + . .     Faith    .   (no shield)
rNeg     + + +     Spirit   .   C - +0 scale mail {rC+}
rPois    +         Reflect  .   x - +2 hat
rElec    .         Harm     .   o - +1 cloak {rPois}
rCorr    .         Rampage  .   q - +1 pair of gloves {archery}
Will     +++..     NoTele   +   K - +2 pair of boots
Stlth    ..........             (no amulet)
HPRegen  1.35/turn              A - +6 ring of intelligence
MPRegen  0.12/turn              (no ring)

@: berserking, strong-willed, regenerating, very quick
A: horns 2, retaliatory headbutt
a: Renounce Religion, Berserk, Trog's Hand, Brothers in Arms


You were in a Gauntlet.
You worshipped Trog.
Trog was greatly pleased with you.
You visited 1 branch of the dungeon, and saw 11 of its levels.
You also visited: Gauntlet.

You collected 691 gold pieces.

Inventory:

Hand Weapons
 a - the +8 long sword of Precise Incision (weapon) {vorpal, rF+ rN+++ Will+}
   (You found it on level 7 of the Dungeon)

   It inflicts extra damage upon your enemies.
   rF:        It protects you from fire.
   rN:        It renders you almost immune to negative energy.
   Will:      It increases your willpower.
 b - the +5 great sword of Hyhoewo {antimagic, *Noise Dex+5 SInv}
   (You acquired it on level 6 of the Dungeon)

   It reduces the magical energy of the wielder, and disrupts the spells and
   magical abilities of those it strikes.
   Natural abilities and divine invocations are not affected.
   Dex:       It affects your dexterity (+5).
   SInv:      It lets you see invisible.
   *Noise:    It may make noises in combat.
Armour
 i - +0 steam dragon scales
 j - +0 ice dragon scales
 o - a +1 cloak of poison resistance (worn)
 q - a +1 pair of gloves of archery (worn)
 w - the +1 robe of the Marlin {rElec Int+2}
   (You found it on level 4 of the Dungeon)

   Int:       It affects your intelligence (+2).
   rElec:     It insulates you from electricity.
 x - a +2 hat (worn)
 C - a +0 scale mail of cold resistance (worn)
 K - a +2 pair of boots (worn)
 M - +0 acid dragon scales
Jewellery
 p - a ring of fire
 A - a +6 ring of intelligence (left hand)
Wands
 s - a wand of paralysis (10)
 v - a wand of flame (45)
 y - a wand of mindburst (13)
 D - a wand of iceblast (3)
 N - a wand of acid (11)
Scrolls
 g - 3 scrolls of magic mapping
 h - 3 scrolls of amnesia {unknown}
 n - 2 scrolls of fear {unknown}
 t - a scroll of noise {unknown}
 B - a scroll of blinking {unknown}
 E - a scroll of immolation {unknown}
 F - 2 scrolls of teleportation {unknown}
 G - a scroll of fog {unknown}
 I - a scroll of enchant armour {unknown}
 L - a scroll of vulnerability {unknown}
Potions
 c - a potion of flight
 d - a potion of berserk rage
 e - 2 potions of degeneration
 k - 5 potions of might
 m - 2 potions of brilliance
 r - 2 potions of mutation
 u - a potion of magic
 z - 2 potions of attraction
 H - 2 potions of curing
 J - a potion of lignification


   Skills:
 + Level 11.5 Fighting
 + Level 11.5 Long Blades
 + Level 11.2 Armour
 + Level 10.4 Dodging


You had 10 spell levels left.
You didn't know any spells.
Your spell library was empty.

Dungeon Overview and Level Annotations

Branches:
Dungeon (11/15)            Temple (0/1) D:5            Lair (0/6) D:8
    Orc (0/2) D:10        Gauntlet (1/1)

Altars:
Ashenzari
Dithmenos
Fedhas
Sif Muna
Trog
Yredelemnul
Zin

Shops:
D:3 (   D:9 ![!

Annotations:
D:5 2 transporters, PeMo's ghost, novice VSFi
D:9 3 runed translucent doors, Metae's ghost, novice MiFi; Nanban's ghost, journeyman FoFi; emiel's ghost, novice NaFi; ioannis32's ghost, journeyman HuBe Gauntlet 7 transporters


Innate Abilities, Weirdness & Mutations

You have a pair of horns on your head.
You reflexively headbutt those who attack you in melee.


Message History

You slice the catoblepas!!
You kill the catoblepas!
Trog accepts your kill.
Your ogre hits the molten gargoyle with a +0 giant club!
The molten gargoyle blasts magma at you!
The bolt of magma hits you! You partially resist.
* * * LOW HITPOINT WARNING * * *
The molten gargoyle blasts magma at your ogre!
The bolt of magma hits your ogre!!!
The gargoyle hurls a stone arrow at you.
The stone arrow hits you!
* * * LOW HITPOINT WARNING * * *
Okay, then.
Okay, then.
Okay, then.
A red film seems to cover your vision as you go berserk!
You feel yourself moving faster!
You feel mighty!
Your ogre hits the molten gargoyle with a +0 giant club!
The molten gargoyle is destroyed!
Trog accepts your kill.
You hear a sizzling splash.
The gargoyle hurls a stone arrow at you.
The stone arrow hits you.
* * * LOW HITPOINT WARNING * * *
The molten gargoyle hits you but does no damage.
The gargoyle closely misses you.
You riposte.
You hit the gargoyle.
The gargoyle is heavily damaged.
Why would you want to do that?
You barely miss the gargoyle.
The gargoyle is heavily damaged.
The gargoyle barely misses you.
You riposte.
You barely miss the gargoyle. Your headbutt misses the gargoyle.
The molten gargoyle blasts magma at you!
The bolt of magma hits you but does no damage.
Your ogre hits the molten gargoyle with a +0 giant club!!
The molten gargoyle is destroyed!
Trog accepts your kill.
You hear a sizzling splash.
The gargoyle hits you with a +0 morningstar!
You die...

....§.≈.............≈............
....§§8≈...........≈8≈...........
....§.≈.............≈............
#####...###########...###########
....#...#..©.§..§§#...#5p5?©.[..#
....#...#§≈≈.≈≈§≈≈#...#.#.#5#.#.#
.#..#...#.§§§..§.§#...#5.#.#.#..#
....#.###§...≈≈O9=###.#.#.#.#.#.#
....#.#©#§§≈§.≈.@©#©#.#..#.©.#..#
..P.#.#.#§§§.≈9..!#.#.#.#.#.#.*,*
P#..#.#.#§§.§..≈.≈#.#.#..#.#.*,,*
.P..#.#.#§§≈..≈§§.#.#.#.*,*,*,*,*
.}..#.#.#...≈≈....#.#.#.,,,,,,,,*
#######.###########.####*********
........#≈§≈≈8≈§§§#.....,,,©*,,,,
#######.###########.####*****,,,,
......#.###xx#.****,*,,,,,,,,,,**


You could see 2 gargoyles, 2 white imps and a friendly ogre (summoned, berserk).

Vanquished Creatures
  A catoblepas (Gauntlet)
  A two-headed ogre (D:8)
  A sixfirhy (Gauntlet)
  A deep elf archer (D:9)
  An ugly thing (D:7)
  A manticore (D:11)
  A cyclops (D:11)
  Joseph (D:7)
  4 gargoyles
  An unseen horror (D:10)
  2 trolls
  6 yaks
  2 wyverns
  2 steam dragons
  2 wargs (D:8)
  2 acid dragons
  Duvessa (D:7)
  A hornet zombie (D:8)
  3 ice beasts (D:6)
  2 sky beasts
  2 ogres
  9 orc warriors
  A black bear (D:5)
  2 necrophages
  3 centaurs
  4 kobold brigands
  4 bullfrogs
  4 scorpions
  Dowan (D:7)
  A wyvern skeleton (D:6)
  An electric eel (D:9)
  5 howler monkeys
  A bullfrog zombie (D:7)
  2 centaur zombies (D:9)
  9 orc priests
  2 centaur skeletons (D:6)
  4 hounds
  2 gnoll shamans
  2 iguanas (D:5)
  14 orc wizards
  A killer bee zombie (D:8)
  A hound zombie (D:5)
  2 hound skeletons
  14 gnolls
  A howler monkey skeleton (D:7)
  4 adders
  3 river rats (D:5)
  2 white imps
  5 ufetubi
  An adder skeleton (D:4)
  2 worms (D:2)
  32 orcs
  7 ball pythons
  8 endoplasms
  4 giant cockroaches
  5 goblins
  7 hobgoblins
  4 jackals (D:1)
  6 quokkas
  A frilled lizard (D:2)
  22 kobolds
  9 rats
250 creatures vanquished.

Vanquished Creatures (collateral kills)
  2 molten gargoyles (Gauntlet)
2 creatures vanquished.

Vanquished Creatures (others)
  An orc (D:6)
  20 demonic plants (Gauntlet)
  11 plants (D:5)
32 creatures vanquished.

Grand Total: 284 creatures vanquished

Notes
Turn   | Place    | Note
-------+----------+-------------------------------------------
     0 | D:1      | Borgoz the Minotaur Berserker began the quest for the Orb.
     0 | D:1      | Reached XP level 1. HP: 19/19 MP: 0/0
   335 | D:1      | Reached XP level 2. HP: 27/27 MP: 1/1
  1262 | D:2      | Reached ** piety under Trog
  1292 | D:2      | Reached XP level 3. HP: 28/33 MP: 2/2
  1765 | D:2      | Found a basalt altar of Yredelemnul.
  2404 | D:3      | Noticed a necrophage
  2413 | D:3      | Killed a necrophage
  2414 | D:3      | Reached XP level 4. HP: 30/41 MP: 3/3
  2414 | D:3      | Reached XP level 5. HP: 35/47 MP: 4/4
  2613 | D:3      | Found Vigustrue's Weapon Shop.
  2965 | D:3      | Found a bloodstained altar of Trog.
  3152 | D:4      | Found a shimmering blue altar of Sif Muna.
  3297 | D:4      | Reached skill level 5 in Fighting
  3512 | D:4      | Reached *** piety under Trog
  3565 | D:4      | Identified the +1 robe of the Marlin {rElec Int+2}
  3565 | D:4      | Noticed an ogre
  3571 | D:4      | Killed an ogre
  3572 | D:4      | Reached skill level 5 in Long Blades
  3572 | D:4      | Reached XP level 6. HP: 56/56 MP: 5/5
  3834 | D:5      | Entered Level 5 of the Dungeon
  3859 | D:5      | Found a staircase to the Ecumenical Temple.
  4171 | D:5      | Reached skill level 5 in Armour
  4171 | D:5      | Reached XP level 7. HP: 59/62 MP: 6/6
  4433 | D:5      | Found a transporter.
  4433 | D:5      | Noticed PeMo's ghost (novice VSFi)
  4433 | D:5      | Identified the +9 great mace of a Million Beds {vamp,
                  | Int+2}
  4443 | D:5      | Reached skill level 5 in Dodging
  4450 | D:5      | Found a transporter.
  5293 | D:6      | Reached XP level 8. HP: 71/71 MP: 7/7
  5759 | D:6      | Identified a scroll of acquirement
  5763 | D:6      | Acquired the +5 great sword of Hyhoewo {antimagic, *Noise
                  | Dex+5 SInv}
  6409 | D:7      | Noticed a red ugly thing
  6418 | D:7      | Killed a red ugly thing
  6418 | D:7      | Reached **** piety under Trog
  6419 | D:7      | Reached XP level 9. HP: 53/81 MP: 2/8
  6557 | D:7      | Noticed Joseph
  6569 | D:7      | Killed Joseph
  6795 | D:7      | Noticed Dowan
  6797 | D:7      | Noticed Duvessa
  6803 | D:7      | Killed Duvessa
  6807 | D:7      | Killed Dowan
  6835 | D:7      | Found a blossoming altar of Fedhas.
  6994 | D:7      | Identified the +8 long sword of Precise Incision {vorpal,
                  | rF+ rN+++ Will+}
  7085 | D:7      | Found a shadowy altar of Dithmenos.
  7275 | D:8      | Found a staircase to the Lair.
  7506 | D:8      | Noticed a two-headed ogre
  7512 | D:8      | Killed a two-headed ogre
  7513 | D:8      | Reached XP level 10. HP: 91/91 MP: 3/9
  7628 | D:8      | Noticed a gargoyle
  7639 | D:8      | Killed a gargoyle
  8081 | D:9      | Found Pejeph's Distillery.
  8110 | D:9      | Found Van Ylea's Armour Boutique.
  8533 | D:9      | Noticed a deep elf archer
  8552 | D:9      | Found a broken altar of Ashenzari.
  8639 | D:9      | Found a runed translucent gate.
  8639 | D:9      | Found a runed translucent gate.
  8639 | D:9      | Noticed Nanban's ghost (journeyman FoFi)
  8639 | D:9      | Noticed emiel's ghost (novice NaFi)
  8640 | D:9      | Found a runed translucent gate.
  8640 | D:9      | Noticed Metae's ghost (novice MiFi)
  8640 | D:9      | Noticed ioannis32's ghost (journeyman HuBe)
  8745 | D:9      | Found Icsuupn's Distillery.
  8835 | D:9      | Killed a deep elf archer
  8836 | D:9      | Reached skill level 10 in Fighting
  8836 | D:9      | Reached skill level 10 in Long Blades
  8964 | D:10     | Entered Level 10 of the Dungeon
  9111 | D:10     | Reached skill level 10 in Armour
  9400 | D:10     | Noticed a gargoyle
  9407 | D:10     | Killed a gargoyle
  9506 | D:10     | Noticed a gargoyle
  9520 | D:10     | Reached ***** piety under Trog
  9528 | D:10     | Reached XP level 11. HP: 101/101 MP: 10/10
  9546 | D:10     | Found a staircase to the Orcish Mines.
  9696 | D:10     | Received a gift from Trog
 10096 | D:10     | Found a glowing silver altar of Zin.
 10251 | D:11     | Found a gate leading to a gauntlet.
 10299 | D:11     | Reached skill level 10 in Dodging
 10421 | D:11     | Noticed an orc knight
 10461 | Gauntlet | Entered a Gauntlet
 10461 | Gauntlet | Found a transporter.
 10461 | Gauntlet | Found a transporter.
 10465 | Gauntlet | Found a transporter.
 10465 | Gauntlet | Found a transporter.
 10466 | Gauntlet | Noticed a sixfirhy
 10468 | Gauntlet | Noticed a catoblepas
 10472 | Gauntlet | Noticed a death scarab
 10473 | Gauntlet | Noticed a death scarab
 10476 | Gauntlet | Found a transporter.
 10477 | Gauntlet | Found a transporter.
 10483 | Gauntlet | Noticed a wizard
 10485 | Gauntlet | Noticed a wizard
 10486 | Gauntlet | Found a transporter.
 10486 | Gauntlet | Found a transporter.
 10518 | Gauntlet | Found the +10 zealot's sword {holy, *Rage rN+ EV+3}
 10524 | Gauntlet | Noticed a shining eye
 10530 | Gauntlet | Found a transporter.
 10536 | Gauntlet | Killed a sixfirhy
 10542 | Gauntlet | Found a transporter.
 10545 | Gauntlet | Noticed a large abomination
 10547 | Gauntlet | Noticed a large abomination
 10583 | Gauntlet | Killed a catoblepas
 10583 | Gauntlet | HP: 4/102 [gargoyle/stone arrow (10)]
 10586 | Gauntlet | Slain by a gargoyle

Illustrated notes

Levels and vault maps discovered:
D:1:      onia_arrival_pyramid, layout_rooms, serial_aquarium,
          aquarium_bridge_island_small [aquarium_subvault_small_water,
          aquarium_subvault_window, aquarium_subvault_balcony,
          aquarium_subvault_window, aquarium_subvault_bridge],
          aquarium_window_corner, aquarium_window_corridor_3,
          aquarium_window_fake, aquarium_view_2g, hangedman_decor_growths
D:2:      layout_loops_ring, basic_altar, grunt_decor_one_mirror, minivault_5
D:3:      layout_basic, lemuel_round_altar, serial_shops, nicolae_diamond_shop,
          minmay_liquid_box, minmay_circle_x
D:4:      layout_loops_cross, mainiacjoe_overflow_small_starburst,
          kennysheep_small_circle
D:5:      wad_woods_settlement, layout_basic,
          minmay_temple_entry_statues_pillars, gammafunk_ghost_smash
D:6:      layout_loops_ring, hangedman_decor_lopped
D:7:      layout_cave_pools, mainiacjoe_overflow_surrounded_room,
          general_overflow_altar, uniq_duvessa, uniq_joseph
D:8:      layout_gridville, erik_lair_orcish_takeover
D:9:      layout_cave_pools, evilmike_ruin_ashenzari, gammafunk_ghost_cemetery,
          serial_shops, shop_statue, nicolae_stop_n_shop_1,
          nicolae_shop_behind_doors, kennysheep_island_fort
D:10:     layout_basic, kennysheep_little_box, erik_orc_4
D:11:     layout_cave_pools, gauntlet_entry_generic, special_room
          [special_room_orc], uniq_fannar
Gauntlet: gammafunk_gauntlet_branching [gammafunk_gauntlet_arena_hedges,
          nicolae_gauntlet_arena_blocks, gammafunk_gauntlet_arena_mazey,
          nicolae_gauntlet_arena_flowing_pool, nicolae_gauntlet_arena_x,
          gammafunk_gauntlet_arena_teeth, gammafunk_gauntlet_arena_grid,
          nicolae_gauntlet_arena_quarters, gauntlet_exit_hidden_loot]

Skill      XL: |  1  2  3  4  5  6  7  8  9 10 11 |
---------------+----------------------------------+-----
Fighting       | 4 5 6 8 9 10 11 | 11.5
Long Blades    | 4 5 6 8 9 10 11 | 11.5
Armour         | 3 4 5 6 7 9 10 11 | 11.2
Dodging        | 3 4 5 7 8 9 10 | 10.4

Action                   |  1- 3 |  4- 6 |  7- 9 | 10-12 || total
-------------------------+-------+-------+-------+-------++-------
Melee: Falchion          |    89 |    93 |   112 |       ||   294
       Headbutt          |    14 |    18 |    38 |    43 ||   113
       Great sword       |       |       |    65 |     9 ||    74
       Long sword        |       |       |       |   196 ||   196
Invok: Berserk           |     3 |     1 |     6 |    13 ||    23
       Trog's Hand       |       |       |     1 |     4 ||     5
       Brothers in Arms  |       |       |       |     2 ||     2
  Use: Potion            |       |       |     8 |     8 ||    16
       Scroll            |       |       |     7 |     3 ||    10
 Stab: Sleeping          |     1 |     1 |       |       ||     2
Armor: Animal skin       |    11 |     9 |       |       ||    20
       Robe              |       |     9 |    31 |       ||    40
       Plate armour      |       |       |    50 |       ||    50
       Steam dragon scal |       |       |    28 |    43 ||    71
       Scale mail        |       |       |       |    67 ||    67
Dodge: Dodged            |    57 |    68 |   131 |   193 ||   449
       Rpst.: Falchion   |    12 |    14 |    13 |       ||    39
       Great sword       |       |       |    17 |     2 ||    19
       Long sword        |       |       |       |    39 ||    39
